 Dungeon Crawl Stone Soup version 0.31-a0-188-g5e087ee2ca (webtiles) character file.

Game seed: 8484109495941173172

61 qw the Shooter (level 3, -1/20 HPs)
             Began as a Deep Elf Hunter on June 23, 2023.
             Slain by Pargi (2 damage)
             ... on level 3 of the Dungeon.
             The game lasted 00:00:28 (2104 turns).

qw the Shooter (Deep Elf Hunter)                    Turns: 2104, Time: 00:00:28

Health: -1/20      AC:  8    Str: 10    XL:     3   Next: 83%
Magic:  5/5        EV: 11    Int: 13    God:
Gold:   128        SH:  0    Dex: 18    Spells: 2/2 levels left

rFire   . . .        Y - +0 shortbow
rCold   . . .        (shield currently unavailable)
rNeg    . . .        e - +0 ring mail
rPois   .            h - +2 hat
rElec   .            (no cloak)
rCorr   .            (no gloves)
SInv    .            f - +0 pair of boots
Will    .....        (no amulet)
Stlth   +            (no ring)
HPRegen 0.23/turn    (no ring)
MPRegen 0.09/turn

%: no passive effects
@: about to teleport
A: no striking features
a: no special abilities


You were on level 3 of the Dungeon.
You visited 1 branch of the dungeon, and saw 3 of its levels.

You collected 128 gold pieces.


   Skills:
 - Level 1.5 Fighting
 + Level 7.3 Ranged Weapons
 - Level 2.4 Dodging
 - Level 1.2 Stealth


You had 2 spell levels left.
You didn't know any spells.
Your spell library was empty.

Inventory:

Hand Weapons
 Y - a +0 shortbow (weapon)
Armour
 e - a +0 ring mail (worn)
 f - a +0 pair of boots (worn)
 h - a +2 hat (worn)
 i - a +0 cloak
Scrolls
 b - 4 scrolls of identify
Potions
 a - 2 potions of curing {unknown}
 d - a potion of heal wounds {unknown}
 g - a potion of enlightenment

Dungeon Overview and Level Annotations

Branches:
Dungeon (3/15)

Altars:

Annotations:
D:3 Pargi


Message History

Pargi the Meek comes into view.
Found an Everburning Encyclopedia.
Pargi shouts!
You hear a shout! x2
You shoot an arrow. The arrow hits Pargi.
Pargi is lightly wounded.
You shoot an arrow. The arrow barely misses Pargi.
You shoot an arrow. The arrow hits Pargi!
Pargi is moderately wounded.
You shoot an arrow.
The arrow hits Pargi but does no damage.
Pargi is moderately wounded.
Pargi bites you! Pargi claws you but does no damage. x2
You shoot an arrow. The arrow hits Pargi!
Pargi is heavily wounded.
An orc comes into view. It is wielding a +0 mace.
Pargi bites you but does no damage. Pargi closely misses you. x2
Pargi bites you but does no damage. Pargi claws you. Pargi closely misses you.
You shoot an arrow. The arrow hits Pargi.
Pargi is heavily wounded.
Pargi bites you. Pargi claws you but does no damage. Pargi misses you.
You shoot an arrow. The arrow hits Pargi!
Pargi is severely wounded.
An orc comes into view. It is wielding a +0 club.
Pargi bites you but does no damage. Pargi misses you.
Pargi claws you but does no damage.
You shoot an arrow. The arrow barely misses Pargi.
A hobgoblin comes into view.
Pargi bites you but does no damage. Pargi claws you.
Pargi claws you but does no damage.
You shoot an arrow. The arrow closely misses Pargi.
Pargi closely misses you. Pargi claws you but does no damage.
Pargi barely misses you.
You shoot an arrow. The arrow hits Pargi.
Pargi is severely wounded.
Pargi bites you. Pargi claws you but does no damage. Pargi misses you.
2104 ||| READING scroll of teleportation.
As you read the scroll of teleportation, it crumbles to dust.
You feel strangely unstable. The orc hits you but does no damage.
Pargi bites you.
You die...

#..## #.#
#. #..#
#%# ####.
#..# #.#
#)... #..#
#. #g###
#..# #g
#..# gg
#..# .##
#..# .#
#@.# ..
#....To.#
..
#..o....#
#.......#
..:g....##
##..<...#
........#
...####.#


You could see Pargi, 2 orcs and a hobgoblin.

Vanquished Creatures
  Robin (D:3)
  An adder (D:3)
  2 worms (D:2)
  A dart slug (D:2)
  A ball python (D:2)
  2 endoplasms (D:2)
  2 giant cockroaches (D:1)
  7 goblins
  6 hobgoblins (D:3)
  2 kobolds
  A quokka (D:1)
  2 bats
  2 frilled lizards
  A rat (D:1)
31 creatures vanquished.

Notes
Turn   | Place    | Note
-------+----------+-------------------------------------------
     0 | D:1      | qw the Deep Elf Hunter began the quest for the Orb.
     0 | D:1      | Reached XP level 1. HP: 12/12 MP: 3/3
     0 | D:1      | 0 ||| qw: Version: 0.3-a-9-g12657ce
     0 | D:1      | 0 ||| qw: Game counter: 4078
     0 | D:1      | 0 ||| qw: Always use a shield: true
     0 | D:1      | 0 ||| qw: God list: Okawaru
     0 | D:1      | 0 ||| qw: Allow faded altars: false
     0 | D:1      | 0 ||| qw: Do Orc after D:15 true
     0 | D:1      | 0 ||| qw: Do second Lair branch before Depths: true
     0 | D:1      | 0 ||| qw: Lair rune preference: random
     0 | D:1      | 0 ||| qw: Plans: Normal
     0 | D:1      | 0 ||| PLANNING D:1-11
   247 | D:1      | Found a faded altar of an unknown god.
   595 | D:1      | Reached XP level 2. HP: 16/16 MP: 4/4
   623 | D:1      | Reached skill level 6 in Ranged Weapons
   870 | D:1      | 870 ||| UPGRADING to +0 ring mail.
   880 | D:1      | 880 ||| DROPPING +0 leather armour.
   881 | D:1      | 881 ||| UPGRADING to +0 pair of boots.
   886 | D:1      | 886 ||| UPGRADING to +2 hat.
   891 | D:1      | 891 ||| READING scroll labelled AMAUTA SOTSY.
   894 | D:1      | 894 ||| DROPPING scroll of butterflies.
  1901 | D:2      | 1901 ||| READING scroll labelled XISYAV QAOME.
  1902 | D:2      | 1902 ||| READING 3 scrolls labelled OBESEO OCAU.
  1903 | D:2      | 1903 ||| READING 2 scrolls of identify.
  1903 | D:2      | 1903 ||| IDENTIFYING sapphire potion
  1939 | D:3      | Reached XP level 3. HP: 20/20 MP: 5/5
  1981 | D:3      | Noticed Robin
  1991 | D:3      | HP: 3/20 [hobgoblin[Robin] (4)]
  1992 | D:3      | 1992 ||| READING 2 scrolls of teleportation.
  1994 | D:3      | Killed Robin
  1995 | D:3      | Reached skill level 7 in Ranged Weapons
  2093 | D:3      | Noticed Pargi
  2103 | D:3      | HP: 1/20 [Pargi (5)]
  2104 | D:3      | 2104 ||| READING scroll of teleportation.
  2104 | D:3      | Slain by Pargi

Levels and vault maps discovered:
D:1:      amcnicky_arrival_single_pillar, layout_loops_corners,
          shapermc_ecumenical_altar_rom_forum
D:2:      layout_loops_corners, lemuel_flame_loot_1
D:3:      kennysheep_the_goblin_king, layout_rooms, guppyfry_early_orc_mine,
          uniq_ijyb, uniq_robin, uniq_pargi

Skill      XL: |  1  2  3 |
---------------+----------+-----
Ranged Weapons | 6 7 |  7.3
Fighting       | |  1.5
Dodging        | |  2.4
Stealth        | |  1.2

Action                     || total
---------------------------++-------
   Fire: Shortbow          ||    92
    Use: Scroll            ||     6
 Armour: Leather armour    ||     2
         Ring mail         ||    20
  Dodge: Dodged            ||    29

Table legend:
 A = Non-vault XP
 B = Vault XP
 C = Vault XP percentage of total XP
 D = Non-vault monster count
 E = Vault monster count
 F = Vault count percentage of total count
                 A         B        C        D         E       F
            +---------+---------+-------+---------+---------+-------
      Total |      57 |      31 |  35.2 |      22 |       9 |  29.0
            +---------+---------+-------+---------+---------+-------
        D:1 |      13 |       0 |   0.0 |       8 |       0 |   0.0
        D:2 |      26 |       0 |   0.0 |      10 |       0 |   0.0
        D:3 |      18 |      31 |  63.3 |       4 |       9 |  69.2
            +---------+---------+-------+---------+---------+-------
